 Dungeon Crawl Stone Soup version 0.31-a0-981-geadf994542 (webtiles) character file.

Game seed: 5629960766169291959

141 olmar the Grasshopper (level 5, 0/43 HPs)
             Began as a Gnoll Warper on Nov 2, 2023.
             Slain by a bullfrog (5 damage)
             ... in a sewer.
             The game lasted 00:06:07 (2305 turns).

olmar the Grasshopper (Gnoll Warper)                Turns: 2305, Time: 00:06:07

Health: 0/43       AC:  5    Str: 11 (12) XL:     5   Next: 24%
Magic:  9/12       EV: 12    Int: 12 (13) God:
Gold:   105        SH:  0    Dex:  9 (11) Spells: 9/14 levels left

rFire   . . .        m - +5 club
rCold   . . .        (no shield)
rNeg    . . .        b - +0 leather armour
rPois   +            (no helmet)
rElec   .            (no cloak)
rCorr   .            q - +1 pair of gloves
SInv    .            (no boots)
Will    .....        (no amulet)
Stlth   +            i - ring of poison resistance
HPRegen 0.27/turn    (no ring)
MPRegen 0.13/turn

%: no passive effects
@: on blink cooldown, hasted, very quick
A: fangs 1, strong nose, distributed training
a: no special abilities


You were in a sewer.
You visited 1 branch of the dungeon, and saw 3 of its levels.
You also visited: Sewer.

You collected 105 gold pieces.

Inventory:

Hand Weapons
 a - a +0 mace
 h - a +0 sling
 m - a +5 club (weapon)
 p - a +0 dagger
Missiles
 d - 7 darts of dispersal
 o - a poisoned dart (quivered)
Armour
 b - a +0 leather armour (worn)
 n - a +0 kite shield
 q - a +1 pair of gloves (worn)
Jewellery
 i - a ring of poison resistance (left hand)
Scrolls
 c - 3 scrolls of blinking
 e - a scroll of teleportation {unknown}
 g - a scroll of fear {unknown}
 k - a scroll of fog
 l - 3 scrolls of identify {unknown}
Potions
 j - a potion of degeneration


   Skills:
 + Level 4.7 Fighting
 + Level 1.4 Short Blades
 + Level 1.4 Long Blades
 + Level 1.4 Axes
 + Level 4.7 Maces & Flails
 + Level 1.4 Polearms
 + Level 1.4 Staves
 + Level 1.4 Ranged Weapons
 + Level 2.9 Throwing
 + Level 2.9 Armour
 + Level 4.7 Dodging
 + Level 1.4 Stealth
 + Level 1.4 Shields
 + Level 1.4 Unarmed Combat
 + Level 5.2 Spellcasting
 + Level 1.1 Conjurations
 + Level 1.1 Hexes
 + Level 1.1 Summonings
 + Level 1.1 Necromancy
 + Level 5.5 Translocations
 + Level 1.1 Transmutations
 + Level 1.1 Fire Magic
 + Level 1.1 Ice Magic
 + Level 1.1 Air Magic
 + Level 1.1 Earth Magic
 + Level 1.1 Poison Magic
 + Level 1.6 Invocations
 + Level 1.4 Evocations
 + Level 1.3 Shapeshifting


You had 9 spell levels left.
You knew the following spells:

 Your Spells              Type           Power      Damage    Failure   Level
a - Blink                 Tloc           32%        N/A       3%          2
b - Volatile Blastmotes   Fire/Tloc      22%        2d11      19%         3

Your spell library contained the following spells:

 Spells                   Type           Power      Damage    Failure   Level
 Lesser Beckoning         Tloc           32%        N/A       3%          2
 Teleport Other           Tloc           16%        N/A       8%          3
 Manifold Assault         Tloc           16%        N/A       26%         4
 Stone Arrow              Conj/Erth      10%        3d7       43%         3
 Iskenderun's Mystic Bla  Conj/Tloc      11%        2d4       54%         4
 Vhi's Electric Charge    Tloc/Air       22%        N/A       54%         4
 Animate Armour           Summ/Erth      10%        N/A       83%         4
 Fulminant Prism          Conj/Hex       2%         3d5       83%         4
 Lehudib's Crystal Spear  Conj/Erth      2%         10d2      100%        8


Dungeon Overview and Level Annotations

Branches:
Dungeon (3/15)              Sewer (1/1)

Altars:
Hepliaklqana

Annotations:
D:2 Terence


Innate Abilities, Weirdness & Mutations

You have very sharp teeth.
Your uncanny sense of smell can sniff out nearby items.
Your experience applies equally to all skills.


Message History

Unknown command.
It was a potion of haste.
You feel yourself speed up. The bullfrog barely misses you.
The bullfrog hits you but does no damage.
The bullfrog barely misses you. x2
Unknown command.
You aren't carrying any items that you can evoke.
Okay, then.
Okay, then.
The bullfrog hits you but does no damage.
The bullfrog closely misses you.
Your unstable footing causes you to fumble your attack.
The bullfrog hits you.
The bullfrog hits you but does no damage.
Your unstable footing causes you to fumble your attack.
You feel ready to blink again. The bullfrog hits you.
* * * LOW HITPOINT WARNING * * *
The bullfrog barely misses you.
Unknown command.
The bullfrog hits you but does no damage.
The bullfrog barely misses you.
Casting: Blink (safe; 3% risk of failure)
Confirm with . or Enter, or press ? or * to list all spells.
You don't know that spell.
Unknown command.
Casting: Blink (safe; 3% risk of failure)
Confirm with . or Enter, or press ? or * to list all spells.
Okay, then.
Casting: Blink (safe; 3% risk of failure)
Confirm with . or Enter, or press ? or * to list all spells.
You blink.
Splash!
The bullfrog hits you!
* * * LOW HITPOINT WARNING * * *
The bullfrog barely misses you.
Unknown command.
Okay, then.
The bullfrog hits you.
You die...

~~#~~~~#.~."$?.~.~~ #~~.~#~~~#
.~#~..~#~~~~SBJ~~~~ #~~.~#~~~#
~~##.~~#.~~.J~~~~~≈ ##~~~##.~~#
~~~#~~~#~~S.~~~.~≈≈##†~~~#~~~~#
~..##~~##~r#~~~≈≈###~~.~##~†~##
~~~~##~.#JS#######~~~~~##~.~.#
#~~.~#~~##r(§§S§S§§~.###~~~~##
##~.~~~~~#.(§JrFF§####~~~..##
####~~~#######§@§#~~.~~~.##
##~~#.~~~~#####~~~~#####
####~.~~~~.†~~.####~~∩#
#~~~#########~....##
#..~..~~.~†..†∩.###
#~~.~~.~~~~†##### #############


You could see 2 bullfrogs, an adder, a quokka and a ball python.

Vanquished Creatures
  Jessica (D:2)
  3 adders
  2 worms (D:2)
  12 endoplasms
  11 giant cockroaches
  5 hobgoblins
  2 jackals
  3 kobolds
  10 quokkas
  11 ball pythons
  3 bats
  10 frilled lizards
  A goblin (D:1)
  2 rats
76 creatures vanquished.

Notes
Turn   | Place    | Note
-------+----------+-------------------------------------------
     0 | D:1      | olmar the Gnoll Warper began the quest for the Orb.
     0 | D:1      | Reached XP level 1. HP: 20/20 MP: 6/6
   532 | D:1      | Reached XP level 2. HP: 24/26 MP: 7/7
   835 | D:2      | Learned a level 2 spell: Blink
  1076 | D:2      | Reached skill level 5 in Spellcasting
  1076 | D:2      | Reached XP level 3. HP: 31/31 MP: 7/9
  1149 | D:2      | Noticed Jessica
  1154 | D:2      | Killed Jessica
  1155 | D:2      | Reached skill level 1 in Short Blades
  1155 | D:2      | Reached skill level 1 in Long Blades
  1155 | D:2      | Reached skill level 1 in Axes
  1155 | D:2      | Reached skill level 1 in Polearms
  1155 | D:2      | Reached skill level 1 in Staves
  1155 | D:2      | Reached skill level 1 in Ranged Weapons
  1155 | D:2      | Reached skill level 1 in Stealth
  1155 | D:2      | Reached skill level 1 in Shields
  1155 | D:2      | Reached skill level 1 in Unarmed Combat
  1155 | D:2      | Reached skill level 1 in Invocations
  1155 | D:2      | Reached skill level 1 in Evocations
  1306 | D:2      | Noticed Terence
  1314 | D:2      | Reached skill level 1 in Shapeshifting
  1314 | D:2      | Reached XP level 4. HP: 33/38 MP: 11/11
  1656 | D:3      | Found a hazy altar of Hepliaklqana.
  1743 | D:3      | Found a glowing drain.
  1769 | D:3      | Reached skill level 1 in Conjurations
  1769 | D:3      | Reached skill level 1 in Hexes
  1769 | D:3      | Reached skill level 1 in Summonings
  1769 | D:3      | Reached skill level 1 in Necromancy
  1769 | D:3      | Reached skill level 1 in Transmutations
  1769 | D:3      | Reached skill level 1 in Fire Magic
  1769 | D:3      | Reached skill level 1 in Ice Magic
  1769 | D:3      | Reached skill level 1 in Air Magic
  1769 | D:3      | Reached skill level 1 in Earth Magic
  1769 | D:3      | Reached skill level 1 in Poison Magic
  1772 | Sewer    | Entered a sewer
  1782 | Sewer    | Learned a level 3 spell: Volatile Blastmotes
  1940 | Sewer    | Reached XP level 5. HP: 43/43 MP: 12/12
  2305 | Sewer    | Slain by a bullfrog

Illustrated notes

Levels and vault maps discovered:
D:1:      psy_arrival_radial01, layout_basic
D:2:      layout_loops_ring, kennysheep_small_spiral, uniq_terence, uniq_jessica
D:3:      layout_loops_cross, nzn_hepliaklqana_mist_gate, gup_sewer_entry_pipe,
          hellmonk_ecumenical_altar_crossroads, serial_shops,
          nicolae_shop_waterfront
Sewer:    sewer_frog_island_02

Skill      XL: |  1  2  3  4 |
---------------+-------------+-----
Spellcasting   | 5 |  5.2
Short Blades   | 1 |  1.4
Long Blades    | 1 |  1.4
Axes           | 1 |  1.4
Polearms       | 1 |  1.4
Staves         | 1 |  1.4
Ranged Weapons | 1 |  1.4
Stealth        | 1 |  1.4
Shields        | 1 |  1.4
Unarmed Combat | 1 |  1.4
Invocations    | 1 |  1.6
Evocations     | 1 |  1.4
Shapeshifting  | 1 |  1.3
Conjurations   | 1 |  1.1
Hexes          | 1 |  1.1
Summonings     | 1 |  1.1
Necromancy     | 1 |  1.1
Transmutations | 1 |  1.1
Fire Magic     | 1 |  1.1
Ice Magic      | 1 |  1.1
Air Magic      | 1 |  1.1
Earth Magic    | 1 |  1.1
Poison Magic   | 1 |  1.1
Fighting       | |  4.7
Maces & Flails | |  4.7
Throwing       | |  2.9
Armour         | |  2.9
Dodging        | |  4.7
Translocations | |  5.5

Action                     |  1- 3 |  4- 6 || total
---------------------------+-------+-------++-------
  Melee: Mace              |    98 |       ||    98
         Bite              |    10 |     5 ||    15
         Club              |     5 |   163 ||   168
         Punch             |     1 |     2 ||     3
  Throw: Dart              |       |     8 ||     8
   Cast: Blink             |       |     2 ||     2
    Use: Potion            |       |     2 ||     2
         Scroll            |       |     1 ||     1
 Armour: Leather armour    |    59 |   117 ||   176
  Dodge: Dodged            |    87 |   123 ||   210

Table legend: (Time is in decaauts)
 A = Elapsed time spent in this place.
 B = Non-inter-level travel time spent in this place.
 C = Inter-level travel time spent in this place.
 D = Time resting spent in this place.
 E = Time spent auto-exploring this place.
 F = Levels seen in this place.
 G = Mean time per level.
                   A        B        C        D        E       F      G
               +--------+--------+--------+--------+--------+-----+--------+
         Total |   2401 |   2312 |     89 |    303 |   1274 |   4 |  600.2 |
       Dungeon |   1800 |   1711 |     89 |    157 |   1120 |   3 |  600.0 |
         Sewer |    600 |    600 |      0 |    146 |    154 |   1 |  600.0 |
               +--------+--------+--------+--------+--------+-----+--------+

Top non-repeatable levels by time:
     D:1: 976 daAuts
   Sewer: 600 daAuts
     D:2: 587 daAuts
     D:3: 236 daAuts
